Map: Orbital Shipyard

Players

State - Winner!

  • Race: Protoss Protoss
  • League: Grandmaster

Kelazhur

  • Race: Terran Terran
  • League: Master

VOD

Have the link to the VOD?

Description

Time

  • Played on: Jan. 7, 2016, 2:55 a.m.
  • Length: 14:01
Show
View Real Time Build Order
Export as new Build Order

State Protoss - Winner!

Build Orders: 1 Gate Expand 

Get SALT Encoding   

  12  0:01  Probe (Chrono Boost)  
  13  0:12  Probe (Chrono Boost)  
  14  0:18  Pylon  
  14  0:23  Probe (Chrono Boost)  
  15  0:36  Probe (Chrono Boost)  
  15  0:37  Gateway  
  16  0:45  Assimilator  
  16  0:48  Probe (Chrono Boost)  
  17  0:58  Probe (Chrono Boost)  
  18  1:09  Probe (Chrono Boost)  
  19  1:19  Nexus  
  19  1:22  Probe (Chrono Boost)  
  20  1:32  Cybernetics Core  
  20  1:36  Probe (Chrono Boost)  
  21  1:42  Assimilator  
  22  1:47  Probe (Chrono Boost)  
  22  1:49  Pylon  
  22  1:57  Probe (Chrono Boost)  
  23  2:04  Warp Gate  
  23  2:08  Adept (Chrono Boost)  
  23  2:09  Probe  
  26  2:19  Robotics Facility  
  26  2:21  Probe  
  27  2:29  Probe  
  27  2:33  Adept (Chrono Boost)  
  27  2:35  Probe  
  31  2:39  Probe  
  32  2:47  Probe  
  32  2:50  Probe  
  33  2:54  Adept (Chrono Boost)  
  36  2:59  Probe  
  36  3:01  Probe  
  36  3:05  Warp Prism (Chrono Boost)  
  38  3:11  Probe  
  41  3:14  Probe (Chrono Boost)  
  42  3:20  Gateway  
  42  3:27  Probe (Chrono Boost)  
  42  3:28  Probe (Chrono Boost)  
  42  3:32  Gateway  
  42  3:33  Gateway  
  44  3:39  Probe (Chrono Boost)  
  44  3:40  Probe (Chrono Boost)  
  46  3:43  Pylon  
  46  3:44  Pylon  
  46  3:57  Twilight Council  
  46  4:01  Probe (Chrono Boost)  
  46  4:02  Probe (Chrono Boost)  
  48  4:10  Adept  
  48  4:11  Probe  
  48  4:12  Probe  
  48  4:13  Immortal (Chrono Boost)  
  56  4:22  Probe  
  56  4:24  Probe  
  58  4:29  Adept x2  
  62  4:44  Probe  
  56  4:45  Immortal (Chrono Boost)  
  56  4:46  Probe  
  56  4:51  Nexus  
  56  4:52  Blink (Chrono Boost)  
  62  4:53  Pylon  
  62  4:59  Forge  
  60  5:00  Forge  
  60  5:04  Probe  
  60  5:05  Assimilator  
  60  5:06  Probe  
  62  5:09  Assimilator  
  62  5:16  Probe  
  62  5:18  Probe  
  64  5:22  Gateway  
  64  5:23  Gateway  
  64  5:27  Gateway  
  64  5:31  Probe  
  64  5:32  Probe  
  66  5:35  Protoss Ground Weapons Level 1 (Chrono Boost)  
  66  5:37  Protoss Ground Armor Level 1 (Chrono Boost)  
  66  5:44  Probe x2  
  66  5:46  Warp Prism (Chrono Boost)  
  70  5:52  Pylon  
  70  5:54  Pylon  
  70  5:55  Pylon  
  70  6:03  Mothership Core  
  72  6:06  Probe  
  72  6:07  Probe  
  72  6:10  Pylon  
  74  6:16  Probe  
  75  6:19  Probe  
  75  6:21  Stalker x4, Observer  
  75  6:24  Probe  
  86  6:28  Probe  
  86  6:31  Probe  
  88  6:33  Pylon  
  88  6:34  Photon Cannon  
  88  6:36  Sentry x2  
  88  6:37  Sentry  
  94  6:44  Immortal  
  94  6:45  Probe x2  
  94  6:47  Assimilator x2  
  96  6:48  Resonating Glaives  
  96  6:54  Probe  
  101  7:01  Adept x4  
  101  7:07  Dark Shrine  
  109  7:11  Probe x2  
  111  7:17  Pylon  
  111  7:18  Warp Prism  
  111  7:20  Pylon  
  111  7:21  Pylon  
  113  7:31  Protoss Ground Weapons Level 2 (Chrono Boost)  
  113  7:32  Protoss Ground Armor Level 2 (Chrono Boost)  
  113  7:33  Stalker x3  
  113  7:34  Stalker  
  121  7:40  Probe x2  
  121  7:43  Probe  
  124  7:56  Gateway  
  124  7:57  Gateway  
  124  8:00  Gateway, Adept  
  124  8:01  Adept x5  
  136  8:07  Pylon  
  136  8:12  Pylon  
  136  8:14  Pylon  
  126  8:26  Adept x7  
  140  8:29  Stalker  
  140  8:30  Stalker x6  
  140  8:52  Nexus  
  140  8:54  Pylon  
  140  9:02  Sentry x3  
  144  9:03  Sentry  
  144  9:04  Sentry, Immortal  
  144  9:05  Adept x2  
  156  9:14  Templar Archives  
  156  9:15  Gateway  
  156  9:24  Probe x2  
  156  9:25  Photon Cannon  
  156  9:26  Stalker x5, Phoenix  
  156  9:28  Pylon  
  168  9:41  Protoss Ground Weapons Level 3 (Chrono Boost)  
  168  9:42  Protoss Ground Armor Level 3 (Chrono Boost)  
  141  9:58  Stalker x6  
  141  10:00  Probe  
  141  10:05  Probe  
  144  10:07  Probe  
  144  10:09  Adept x4  
  144  10:11  Immortal  
  144  10:12  Probe x2  
  158  10:22  Probe  
  158  10:24  Probe, Assimilator  
  158  10:27  Pylon, Assimilator  
  160  10:31  Adept x4  
  160  10:43  Stalker  
  160  10:44  Stalker x5  
  160  10:48  Observer  
  164  10:55  Probe, Adept x5  
  160  11:21  Adept x7  
  160  11:22  Adept x4  
  142  11:41  Adept x4  
  142  11:42  Adept x4  
  142  11:44  Adept x3  
  138  12:07  Warp Prism  
  138  12:08  Stalker  
  138  12:09  Stalker x10  
  123  12:38  Adept x11  
  123  12:43  Nexus  
  123  12:44  Pylon  
  145  12:46  Observer  
  146  13:11  Sentry x5  
  146  13:12  Sentry  
  158  13:13  Adept x5  
  164  13:38  Stalker x10  
  156  13:59  Adept x3  
Show
View Real Time Build Order
Export as new Build Order

Kelazhur Terran 

Build Orders: Liberator Opening, MMM Bio 

Get SALT Encoding   

  12  0:00  SCV  
  13  0:13  SCV  
  14  0:19  Supply Depot  
  14  0:25  SCV  
  15  0:41  SCV  
  16  0:43  Barracks  
  16  0:53  SCV, Refinery  
  17  1:05  SCV  
  18  1:18  SCV  
  19  1:31  Orbital Command  
  19  1:32  Marine  
  20  1:39  Command Center  
  20  1:50  Barracks Reactor  
  20  1:51  Supply Depot  
  20  1:57  SCV  
  21  2:09  SCV  
  21  2:12  Refinery  
  22  2:19  Factory  
  22  2:21  SCV  
  23  2:26  Marine x2  
  25  2:33  SCV  
  26  2:44  Marine x2  
  26  2:45  SCV  
  26  2:50  Orbital Command  
  29  2:57  SCV  
  30  3:03  Factory Tech Lab, Starport  
  30  3:09  SCV, Marine x2  
  33  3:16  SCV  
  33  3:18  Supply Depot  
  34  3:22  SCV, Cyclone  
  38  3:28  SCV  
  38  3:30  Liberator  
  38  3:31  Marine x2  
  38  3:34  SCV  
  42  3:40  SCV  
  43  3:46  SCV  
  47  3:50  Marine x2  
  47  3:53  SCV, Supply Depot  
  50  3:58  SCV  
  51  4:05  SCV  
  51  4:08  Marine x2  
  54  4:12  Supply Depot  
  54  4:15  SCV  
  55  4:17  SCV, Cyclone  
  59  4:27  SCV  
  60  4:37  SCV, Marine x2  
  58  4:42  SCV  
  56  4:48  Command Center  
  56  4:49  SCV  
  57  4:53  Barracks  
  57  4:55  Barracks  
  57  4:57  SCV  
  58  5:03  Marine x2  
  58  5:06  SCV  
  61  5:15  Refinery  
  61  5:18  SCV, Refinery  
  62  5:23  SCV  
  62  5:26  Supply Depot  
  63  5:36  SCV  
  63  5:41  SCV  
  63  5:42  Barracks Tech Lab x2  
  65  5:43  Engineering Bay  
  65  5:44  Barracks  
  65  5:45  Barracks Reactor, Barracks  
  65  5:48  SCV  
  66  5:52  Engineering Bay  
  66  5:53  SCV  
  66  5:56  Factory Reactor, Medivac  
  69  6:00  SCV  
  69  6:01  Orbital Command  
  69  6:02  Combat Shields, Marauder x2  
  74  6:05  SCV  
  74  6:06  Stimpack  
  74  6:10  Terran Infantry Weapons Level 1, Missile Turret  
  75  6:13  SCV, Missile Turret  
  75  6:15  Missile Turret  
  75  6:17  SCV  
  75  6:18  Missile Turret  
  77  6:19  Terran Infantry Armor Level 1  
  77  6:22  Marine x2  
  77  6:25  SCV  
  80  6:29  SCV  
  80  6:32  Missile Turret  
  81  6:33  Missile Turret  
  81  6:35  Missile Turret  
  81  6:37  SCV, Marine x2  
  81  6:39  Missile Turret  
  84  6:41  Barracks Tech Lab  
  84  6:42  Marine x2, Orbital Command, Marauder x2  
  84  6:43  SCV  
  84  6:45  Factory Reactor  
  91  7:02  Supply Depot x2  
  91  7:07  Liberator x2  
  91  7:08  Marauder  
  93  7:21  Armory  
  93  7:23  Marine x2  
  93  7:24  SCV x3, Marauder x2  
  93  7:25  Supply Depot x2  
  93  7:26  Marine  
  109  7:39  Missile Turret, Concussive Shells  
  109  7:46  SCV, Marine, Widow Mine x2  
  109  7:47  SCV x2  
  109  7:50  Supply Depot, Refinery  
  109  7:51  Refinery  
  116  7:53  Supply Depot  
  116  7:54  Marine, Marauder x2  
  116  7:55  Marine x2, Marauder  
  125  8:12  SCV x3, Medivac x2, Marine  
  133  8:13  Supply Depot  
  133  8:15  Supply Depot  
  133  8:16  Supply Depot  
  133  8:18  Terran Infantry Weapons Level 2  
  133  8:24  SCV x2  
  133  8:25  Marine  
  133  8:26  Marine x2  
  140  8:27  Marauder  
  140  8:28  Terran Infantry Armor Level 2  
  140  8:35  Marauder, Widow Mine x2  
  145  8:48  Supply Depot  
  145  8:59  Marauder x3, Marine x4  
  145  9:01  Liberator x2  
  145  9:02  SCV  
  150  9:04  Command Center  
  150  9:06  Barracks  
  150  9:07  Barracks  
  150  9:09  Barracks, Fusion Core  
  150  9:10  Starport  
  150  9:17  Widow Mine x2  
  160  9:28  Supply Depot  
  160  9:29  Missile Turret  
  160  9:30  Missile Turret  
  160  9:32  Marauder x2  
  158  9:47  Marauder, Marine x3  
  158  9:48  Marine  
  157  9:53  Marauder x2  
  157  10:00  Widow Mine, Starport Tech Lab  
  157  10:01  Medivac, Widow Mine  
  157  10:02  Medivac  
  165  10:07  Barracks Reactor, Barracks Tech Lab x2  
  165  10:09  Ghost Academy, Marine x4  
  169  10:16  Marauder x2  
  173  10:27  Marine x2, Marauder x3  
  181  10:29  Marine x2  
  181  10:30  Missile Turret  
  181  10:42  Terran Infantry Weapons Level 3, Liberator  
  179  10:49  Marine x2  
  184  10:50  Marauder x2  
  184  10:52  Liberator  
  184  10:54  Liberator  
  185  11:00  Advanced Ballistics  
  188  11:05  Supply Depot  
  186  11:22  Marauder  
  188  11:26  Marine  
  188  11:27  Marauder x3  
  188  11:30  Marauder  
  184  11:33  Marine x2  
  184  11:34  Marine  
  184  11:37  Marine  
  166  11:41  Marine  
  166  11:43  Marauder, Medivac  
  166  11:44  Marine  
  143  11:47  Marine  
  143  11:48  Marauder x2  
  143  11:50  Marine  
  143  11:52  Medivac  
  143  11:54  Medivac  
  149  12:01  Marine x5  
  144  12:02  Marine  
  144  12:04  Marine  
  144  12:05  Marine  
  142  12:10  Marine x2  
  123  12:16  Medivac  
  123  12:19  Marine  
  123  12:20  Marine x6  
  123  12:22  Medivac, Marine  
  126  12:23  Marine  
  126  12:28  Liberator, Marine  
  120  12:30  Marine  
  120  12:34  Liberator  
  108  12:37  Marine  
  108  12:38  Marine x5  
  108  12:40  Ghost, Marauder  
  108  12:41  Ghost  
  120  12:44  Widow Mine x2  
  120  12:48  Ghost  
  120  12:50  Missile Turret  
  129  12:52  Liberator  
  132  13:01  Planetary Fortress  
  134  13:19  Marauder x3  
  112  13:38  Marauder, Marine  
  112  13:39  Marauder  
Tags
 
Add a new tag
Caveats
  • Supply blocks, unpowered buildings, or Contaminate may cause inaccurate times.
  • Supply counts are checked every 10 seconds.